 Dungeon Crawl Stone Soup version 0.18.1-48-g4cf74bf (webtiles) character file.

475534 Joat the Black Belt (level 23, -19/183 HPs)
             Began as a Red Draconian Transmuter on Aug 15, 2016.
             Was a High Priest of Cheibriados.
             Killed from afar by Xaury the pandemonium lord (20 damage)
             ... with a chain lightning
             ... on level 3 of the Realm of Zot on Aug 16, 2016.
             The game lasted 07:02:50 (38938 turns).

Joat the Black Belt (Red Draconian Transmuter)     Turns: 38938, Time: 07:02:50

Health: -19/183    AC:  9    Str: 25    XL:     23   Next: 32%
Magic:  40/40      EV: 32    Int: 28    God:    Cheibriados [*****.]
Gold:   3305       SH:  0    Dex: 35    Spells: 6 memorised, 18 levels left

rFire  + . .     SeeInvis .       - Unarmed
rCold  . . .     Gourm    .     (armour unavailable)
rNeg   . . .     Faith    .     (no shield)
rPois  .         Spirit   .     K - +0 hat
rElec  .         Dismiss  .     i - +1 cloak
rCorr  .         Reflect  .     (no gloves)
SustAt .         Harm     .     (no boots)
MR     +....     Rnd*Rage +     E - amulet of Lokaxyc {Regen+ Dex+4 Stlth+}
Stlth  ++........ Rnd*Tele +    X - +2 ring of slaying
                                C - ring of wizardry

@: silence, corroded, flying, slowed, very slow, somewhat resistant to hostile
enchantments, unstealthy
A: breathe fire, unfitting armour, berserk 1, blurry vision 1, fire resistance
1, frail 1, teleportitis 1, cold-blooded, AC +11
a: Breathe Fire, Renounce Religion
0: Orb of Zot
}: 3/15 runes: barnacled, abyssal, gossamer


You were on level 3 of the Realm of Zot.
You worshipped Cheibriados.
Cheibriados was extremely pleased with you.
You were very hungry.

You visited 8 branches of the dungeon, and saw 44 of its levels.
You visited the Abyss 1 time.
You also visited: Ossuary and Ice Cave.

You collected 3305 gold pieces.

Inventory:

Hand Weapons
 w - a +0 blowgun
Missiles
 e - 8 curare-tipped needles
 y - 8 javelins of returning
 L - 14 javelins of penetration (quivered)
 Z - 23 poisoned javelins
Armour
 i - a +1 cloak (worn)
 K - a +0 hat (worn)
 M - a +1 pair of boots
Rods
 d - a +0 rod of inaccuracy (11/11)
   (You found it on level 5 of the Realm of Zot)
Jewellery
 A - an uncursed ring of sustain attributes {unknown}
 C - a ring of wizardry (left hand)
 E - the amulet of Lokaxyc (around neck) {Regen+ Dex+4 Stlth+}
   (You found it on level 8 of the Lair of Beasts)

   [amulet of regeneration]

   It affects your dexterity (+4).
   It increases your rate of regeneration.
   It makes you more stealthy.
 G - an uncursed ring of resist corrosion
 Q - the amulet "Anaolyuss" {Gourm Str+5 Int-2 Dex+4 Slay-3}
   (You found it on level 7 of the Dungeon)

   [amulet of the gourmand]

   It allows you to eat raw meat even when not hungry.
   It affects your strength (+5).
   It affects your intelligence (-2).
   It affects your dexterity (+4).
   It affects your accuracy and damage with ranged weapons and melee attacks
   (-3).
 S - a +2 ring of protection
 U - an uncursed ring of see invisible
 X - a +2 ring of slaying (right hand)
Wands
 c - a wand of digging (7/24)
 s - a wand of digging (21/24)
 J - a wand of heal wounds (4/9)
 N - a wand of teleportation (5/9)
Scrolls
 b - a scroll of silence
 f - 2 scrolls of holy word
 j - 3 scrolls of fog
 l - a scroll of recharging
 n - 8 scrolls of enchant armour
 o - 7 scrolls of remove curse
 r - 18 scrolls of identify
 v - 11 scrolls of teleportation
 x - 4 scrolls of fear
 F - 6 scrolls of enchant weapon
 H - 4 scrolls of magic mapping
 P - a scroll of amnesia
 Y - a scroll of blinking
Potions
 g - 2 potions of flight
 k - 8 potions of curing
 q - 6 potions of brilliance
 t - a potion of invisibility
 u - a potion of might
 B - 3 potions of magic
Miscellaneous
 D - an ornate deck of destruction {drawn: 2}
 T - a legendary deck of changes {drawn: 1}
Comestibles
 m - 14 meat rations
 p - 14 fruits
 z - 2 bread rations
 I - 6 slices of pizza


   Skills:
 + Level 16.8 Fighting
 - Level 14.1 Dodging
 - Level 5.3 Stealth
   Level 2.1 Shields
 - Level 19.9 Unarmed Combat
 - Level 13.9 Spellcasting
 - Level 10.1 Conjurations
 - Level 15.0 Transmutations
 - Level 3.0 Ice Magic
 - Level 14.0 Earth Magic
 - Level 4.0 Poison Magic
 - Level 14.9 Invocations


You had 18 spell levels left.
You knew the following spells:

 Your Spells              Type           Power        Failure   Level  Hunger
a - Iron Shot             Conj/Erth      ######....   1%          6    ####...
c - Spider Form           Trmt/Pois      ######....   1%          3    None
e - Dragon Form           Trmt           #######...   2%          7    ######.
q - Blade Hands           Trmt           #######...   1%          5    #......
v - Ice Form              Ice/Trmt       ######..     1%          4    None
w - Statue Form           Trmt/Erth      #######..    1%          6    ####...


Dungeon Overview and Level Annotations

Branches:
Dungeon (15/15)            Temple (0/1) D:7            Lair (8/8) D:10
 Shoals (4/4) Lair:4       Spider (4/4) Lair:3        Slime (0/6) Lair:8
    Orc (2/2) D:12            Elf (0/3) Orc:2        Depths (5/5) D:15
   Hell (1/1)                 Zot (5/5) Depths:5
 Vaults: D:13-14        Dis: Hell:1         Geh: Hell:1         Coc: Hell:1
    Tar: Hell:1

Altars:
Ashenzari
Cheibriados
Elyvilon
Gozag
Nemelex Xobeh
Okawaru
Ru
Vehumet
The Shining One
Beogh

Shops:
D:13 %   D:15 [   Orc:2 :*[(

Portals:
Hell: Depths:3 Depths:4 Depths:5
Pandemonium: Depths:3
Ziggurat: Depths:5

Annotations:
D:14 exclusions: deep elf knight, gargoyle and 2 vault guards
Hell Geryon, Murray


Innate Abilities, Weirdness & Mutations

You can breathe blasts of fire.
Your fiery red scales are hard (AC +11).
Your body does not fit into most forms of armour.
Your flesh is heat resistant.
You are cold-blooded and may be slowed by cold attacks.
You tend to lose your temper in combat.
Scrolls take you a little longer to read.
You are frail (-10% HP).
You are occasionally teleported next to monsters.


Message History

The purple draconian completely misses you.
Xaury gestures at you.
You feel yourself slow down. The rust devil misses you. Xaury misses you.
The purple draconian hits you but does no damage.
Xaury gestures.
The lightning arc hits the purple draconian.
The lightning arc hits you!
* * * LOW HITPOINT WARNING * * *
The lightning arc hits the purple draconian.
The lightning arc hits you!
* * * LOW HITPOINT WARNING * * *
The purple draconian closely misses you.
Xaury gestures.
The lightning arc hits the purple draconian.
The purple draconian dies!
The lightning arc hits Xaury.
Xaury resists.
The lightning arc hits you!
* * * LOW HITPOINT WARNING * * *
The lightning arc hits Xaury.
Xaury resists.
The lightning arc hits you!
You die...

####'#.....#.
######.........
#...##.#.....##
###...###########
####.'..............
###≈≈#.#...###########
#≈≈≈§#.......(.#......
##≈≈≈§###.#.###.#.#####
##≈≈§4≈@##..........####
#§§§.&)§≈####....#...#..
§§≈§§§..≈§≈§≈≈#(####......
§§≈§§§.....≈.≈##.....[.#.#
#§≈§...........≈≈#.......#.#
#§§§...........§§#########.#
#≈≈.§...........§§##§≈#≈≈#..
#≈≈.............§≈§≈≈≈≈≈§###
#≈.§.............§§....≈§≈##


You could see Xaury and a rust devil.

Vanquished Creatures
  11 orbs of fire
  Norris (Spider:3)
  Saint Roka (Depths:5)
  A curse toe (Zot:3)
  4 Killer Klowns (Zot:5)
  A golden dragon (Depths:5)
  Xtahua (Depths:5)
  2 bone dragons
  Arachne (Spider:2)
  4 electric golems
  A lich (Depths:3)
  Jorgrun (Depths:3)
  12 tentacled monstrosities
  Rupert (Lair:3)
  21 Orb Guardians (Zot:5)
  Polyphemus (Shoals:2)
  An eldritch tentacle (Abyss:3)
  A kraken (Shoals:2)
  7 death cobs
  3 Executioners
  Agnes (D:15)
  3 shadow dragons
  Ilsuiw (Shoals:4)
  6 storm dragons
  2 fire giants
  A draconian scorcher (Zot:5)
  A draconian zealot (Zot:3)
  2 draconian monks
  5 draconian knights
  A balrug (Depths:5)
  2 orc warlords (Orc:2)
  2 caustic shrike zombies (Depths:3)
  4 emperor scorpions (Spider:4)
  Louise (Shoals:2)
  4 ghouls (Depths:3)
  A juggernaut zombie (Depths:3)
  4 ghost moths (Spider:4)
  6 draconian shifters
  2 spriggan defenders (Depths:5)
  4 draconian annihilators
  2 draconian callers
  A caustic shrike skeleton (Depths:3)
  A juggernaut skeleton (Depths:3)
  A green draconian (Zot:4)
  A chaos champion (Zot:4)
  3 wizards (Abyss:3)
  3 vampire knights
  5 stone giants
  11 black draconians
  13 mottled draconians
  13 red draconians
  10 white draconians
  A black sun (Zot:4)
  9 yellow draconians
  A blizzard demon (Zot:4)
  The ghost of damerell the Protected, a journeyman DDBe of Trog (Lair:3)
  4 purple draconians
  6 ettins
  A green death (Depths:3)
  4 merfolk javelineers (Shoals:4)
  3 jiangshi (Depths:3)
  6 merfolk impalers (Shoals:4)
  8 yaktaur captains
  2 great orbs of eyes
  18 fire dragons
  The ghost of Joat the Reanimator, a journeyman DDEE of Makhleb (Lair:2)
  A spriggan air mage (Depths:4)
  2 rakshasas
  8 hydras
  6 entropy weavers
  5 centaur warriors
  5 merfolk aquamancers
  6 ice dragons
  2 merfolk avatars
  2 catoblepae
  The ghost of Ferkelamun the Protected, a journeyman FoAK of Lugonu (D:8)
  The ghost of damerell the Basher, a novice DDBe of Trog (Orc:1)
  2 death knights
  3 satyrs (Shoals:4)
  3 deep troll shamans (Depths:3)
  2 tengu warriors
  A titan zombie (Depths:3)
  11 death yaks
  A vampire mage (Depths:3)
  4 orc high priests (Orc:2)
  3 deep troll earth magi
  2 spriggan berserkers (Depths:5)
  6 large abominations
  Sonja (D:11)
  An iron troll (Depths:3)
  2 titan skeletons (Depths:3)
  4 sun demons
  A skeletal warrior (D:12)
  The ghost of Elystan the Shield-Bearer, a novice FoFi of Okawaru (D:5)
  2 iron giant skeletons (Depths:3)
  2 spatial maelstroms (Abyss:3)
  A death drake (shapeshifter) (D:12)
  6 sea snakes
  A shadow demon (Zot:4)
  8 deep trolls
  2 giant orange brains
  A golden dragon zombie (Depths:3)
  A shadow dragon zombie (Depths:3)
  10 hill giants
  2 phantasmal warriors (Depths:3)
  2 necromancers
  10 harpies
  A wolf spider zombie (D:15)
  11 orb spiders
  5 griffons
  5 fauns
  6 orc knights
  A fire giant zombie (Depths:3)
  A worldbinder (Abyss:3)
  23 wolf spiders
  2 ugly things
  A tengu skeleton (Depths:3)
  A moth of wrath (shapeshifter) (Depths:2)
  25 moths of wrath
  8 orc sorcerers
  5 cyclopes
  14 manticores
  10 hornets
  A rust devil (Zot:4)
  8 sirens
  2 sixfirhies (Depths:3)
  7 elephants
  A guardian serpent (Spider:4)
  A fire giant skeleton (Depths:3)
  2 ice statues (IceCv)
  Joseph (D:7)
  5 water nymphs
  The ghost of Trysia the Poker, a novice MiBe of Trog (D:7)
  8 black mambas
  A spriggan zombie (Depths:3)
  A smoke demon (Depths:3)
  An orange demon (Depths:3)
  11 spiny frogs
  6 torpor snails
  4 gargoyles
  An elf zombie (Depths:3)
  14 yaktaurs
  2 freezing wraiths (D:12)
  5 efreet
  2 elf skeletons (Depths:3)
  17 komodo dragons
  A rime drake (shapeshifter) (D:15)
  8 demonic crawlers
  2 kobold demonologists
  4 rime drakes
  A redback zombie (D:15)
  A yaktaur (shapeshifter) (Depths:1)
  3 tengu conjurers
  An ancient zyme (Abyss:3)
  A red devil (Zot:4)
  8 trolls
  A queen bee (Spider:2)
  13 ice devils (IceCv)
  14 polar bears
  A jumping spider (shapeshifter) (Depths:4)
  28 jumping spiders
  2 two-headed ogres
  2 wind drakes
  15 merfolk
  5 raiju
  A boulder beetle (Lair:8)
  21 blink frogs
  15 slime creatures
  4 snapping turtles
  An ettin zombie (Depths:3)
  A hornet zombie (D:15)
  A raiju (shapeshifter) (D:13)
  2 air elementals (Depths:4)
  A flying skull (Depths:3)
  31 tarantellas
  A centaur simulacrum (D:14)
  9 water elementals
  85 redbacks
  2 basilisks
  16 starcursed masses (Abyss:3)
  2 wyverns
  2 shadows
  3 wraiths
  Grum (D:10)
  4 steam dragons (Lair:8)
  64 yaks
  A golden eye (Spider:3)
  A neqoxec (Zot:4)
  4 hungry ghosts
  20 fire elementals
  11 hippogriffs
  A chaos spawn (Zot:5)
  4 vampire mosquitoes (D:15)
  11 wargs
  A warg (shapeshifter) (D:14)
  A soldier ant (D:12)
  3 mottled dragons
  Duvessa (D:7)
  8 hell hounds
  A water moccasin (shapeshifter) (Depths:4)
  11 porcupines
  16 water moccasins
  54 orc warriors
  10 ice beasts
  7 wasps
  2 sky beasts
  7 phantoms
  An eye of draining (D:9)
  24 black bears
  3 necrophages
  32 wolves
  5 boggarts (D:14)
  11 centaurs
  18 ogres
  16 crocodiles
  6 big kobolds
  18 giant frogs
  5 water moccasin zombies (Ossuary)
  A gnoll sergeant (D:8)
  Dowan (D:7)
  9 scorpions
  4 wights (D:11)
  5 killer bees (D:11)
  A howler monkey (D:5)
  4 electric eels
  A giant frog zombie (D:10)
  A wasp zombie (D:13)
  4 centaur zombies
  9 crimson imps
  6 quasits
  6 centaur skeletons
  6 jellies
  29 orc priests
  A giant frog skeleton (D:9)
  16 hounds
  4 iron imps
  34 orc wizards
  13 iguanas
  Natasha (thrice) (D:4)
  10 worker ants
  20 sheep
  2 big kobold zombies (Ossuary)
  2 mummies (Ossuary)
  A worker ant zombie (D:7)
  13 gnolls
  51 river rats
  12 adders
  3 shadow imps
  5 white imps
  16 ufetubi
  An ooze (D:6)
  9 adder zombies
  4 worms
  A dart slug (D:2)
  4 giant geckos
  158 orcs
  8 giant cockroaches
  2 gnoll zombies (Ossuary)
  7 hobgoblins
  16 jackals
  29 kobolds
  7 quokkas
  6 bats
  4 giant newts
  9 goblins
  9 hobgoblin zombies (Ossuary)
  A jackal zombie (D:8)
  4 kobold zombies (Ossuary)
  3 orc zombies (Ossuary)
  A quokka skeleton (D:4)
  A quokka zombie (D:8)
  6 rats
  A plant (Lair:8)
  5 tentacles (Shoals:2)
  A tentacle segment (Shoals:2)
1896 creatures vanquished.

Vanquished Creatures (others)
  An eldritch tentacle (Abyss:3)
  A purple draconian (Zot:3)
  A white draconian (Zot:4)
  A large abomination (Zot:5)
  2 moths of wrath (Zot:5)
  A jumping spider (Spider:4)
  A redback (Spider:2)
  A crimson imp (Zot:5)
  An ufetubus (IceCv)
  85 eldritch tentacle segments (Abyss:3)
  13 fungi
  33 plants
  10 tentacles (Shoals:2)
  333 tentacle segments (Shoals:2)
484 creatures vanquished.

Grand Total: 2380 creatures vanquished

Notes
Turn   | Place    | Note
--------------------------------------------------------------
     0 | D:1      | Joat the Draconian Transmuter began the quest for the Orb.
     0 | D:1      | Reached XP level 1. HP: 16/16 MP: 3/3
   117 | D:1      | Reached XP level 2. HP: 11/23 MP: 5/5
   322 | D:1      | Reached skill level 4 in Unarmed Combat
   415 | D:1      | Found a shattered altar of Ashenzari.
   430 | D:1      | Reached XP level 3. HP: 21/28 MP: 6/6
   866 | D:2      | Found a snail-covered altar of Cheibriados.
   905 | D:2      | Became a worshipper of Cheibriados the Contemplative
  1052 | D:2      | Found an opulent altar of Gozag.
  1455 | D:3      | Reached XP level 4. HP: 35/35 MP: 7/7
  1491 | D:3      | Reached * piety under Cheibriados
  2380 | D:4      | Noticed Natasha
  2395 | D:4      | Killed Natasha
  2395 | D:4      | Reached skill level 5 in Unarmed Combat
  2395 | D:4      | Reached XP level 5. HP: 13/42 MP: 8/8
  2518 | D:4      | Learned a level 3 spell: Spider Form
  2767 | D:4      | Reached skill level 1 in Stealth
  2823 | D:4      | Noticed an ogre
  2832 | D:4      | Killed an ogre
  2832 | D:4      | Reached XP level 6. HP: 8/51 MP: 9/9
  3153 | D:4      | Reached skill level 1 in Poison Magic
  3242 | D:4      | Found an iron altar of Okawaru.
  3260 | D:4      | Reached ** piety under Cheibriados
  3686 | D:4      | Noticed Natasha
  3705 | D:4      | Killed Natasha
  3728 | D:4      | Noticed Natasha
  3730 | D:4      | Killed Natasha
  3868 | D:5      | Entered Level 5 of the Dungeon
  4066 | D:5      | Found a sand-covered staircase.
  4075 | Ossuary  | Entered an ossuary
  4226 | Ossuary  | Your scales start taking on a fiery red colour.
  4226 | Ossuary  | Reached XP level 7. HP: 48/57 MP: 10/10
  4226 | Ossuary  | Gained mutation: Your flesh is heat resistant. [Red Draconian growth]
  4352 | Ossuary  | Reached skill level 6 in Unarmed Combat
  4361 | Ossuary  | Reached *** piety under Cheibriados
  4905 | D:5      | Noticed Elystan's ghost (novice FoFi)
  4918 | D:5      | Killed Elystan's ghost
  4918 | D:5      | Reached skill level 7 in Unarmed Combat
  4918 | D:5      | Reached XP level 8. HP: 28/67 MP: 9/11
  4924 | D:5      | Learned a level 4 spell: Ice Form
  5378 | D:5      | Reached **** piety under Cheibriados
  5765 | D:6      | Reached skill level 5 in Fighting
  5765 | D:6      | Reached skill level 1 in Ice Magic
  5765 | D:6      | Reached XP level 9. HP: 73/74 MP: 12/12
  6203 | D:6      | Found a sacrificial altar of Ru.
  6203 | D:6      | Found a radiant altar of Vehumet.
  6475 | D:7      | Reached ***** piety under Cheibriados
  6486 | D:7      | Noticed Duvessa
  6486 | D:7      | Noticed Dowan
  6567 | D:7      | Got a glittering zirconium amulet
  6569 | D:7      | Identified the amulet "Anaolyuss" {Gourm Str+5 Int-2 Dex+4 Slay-3} (You found it on level 7 of the Dungeon)
  6598 | D:7      | Found a staircase to the Ecumenical Temple.
  6651 | D:7      | Noticed Trysia's ghost (novice MiBe)
  6670 | D:7      | Killed Trysia's ghost
  6670 | D:7      | Reached skill level 8 in Unarmed Combat
  6677 | D:7      | Learned a level 5 spell: Blade Hands
  6894 | D:7      | Killed Duvessa
  6901 | D:7      | Killed Dowan
  7000 | D:7      | Noticed Joseph
  7009 | D:7      | Killed Joseph
  7009 | D:7      | Reached skill level 5 in Dodging
  7413 | D:8      | Reached skill level 5 in Transmutations
  7444 | D:8      | Reached XP level 10. HP: 20/83 MP: 15/15
  7788 | D:8      | Found a white marble altar of Elyvilon.
  7932 | D:8      | Reached skill level 9 in Unarmed Combat
  7961 | D:8      | Noticed Ferkelamun's ghost (journeyman FoAK)
  7973 | D:8      | Killed Ferkelamun's ghost
  8569 | D:9      | Reached ****** piety under Cheibriados
  8741 | D:9      | Gained mutation: You have large cloven feet. [potion of beneficial mutation]
  8783 | D:9      | Noticed a hill giant
  8789 | D:9      | Killed a hill giant
  8901 | D:9      | You fall through a shaft for 2 floors!
  9211 | D:11     | Reached skill level 10 in Unarmed Combat
  9277 | D:11     | Noticed a hill giant
  9280 | D:11     | Noticed a manticore
  9293 | D:10     | Entered Level 10 of the Dungeon
  9443 | D:10     | Noticed a hill giant
  9448 | D:10     | Killed a hill giant
  9448 | D:10     | Reached skill level 5 in Spellcasting
  9448 | D:10     | Reached XP level 11. HP: 92/92 MP: 12/18
  9880 | D:10     | Found a staircase to the Lair.
 10035 | D:10     | Noticed Grum
 10073 | D:10     | Killed Grum
 10725 | Lair:1   | Entered Level 1 of the Lair of Beasts
 10771 | Lair:1   | Learned a level 6 spell: Statue Form
 10901 | Lair:1   | Reached skill level 1 in Earth Magic
 11062 | Lair:1   | Reached skill level 11 in Unarmed Combat
 11411 | Lair:1   | Got a translucent mace
 11412 | Lair:1   | Identified the +4 mace of the Present {vamp, rN+} (You found it on level 1 of the Lair of Beasts)
 11897 | Lair:2   | Reached XP level 12. HP: 90/103 MP: 17/21
 11968 | Lair:2   | Lost mutation: You have large cloven feet. [potion of mutation]
 11968 | Lair:2   | Gained mutation: You are dopey. (Int -2) [potion of mutation]
 11968 | Lair:2   | Gained mutation: You evolve. [potion of mutation]
 12090 | Lair:2   | Noticed Joat's ghost (journeyman DDEE)
 12102 | Lair:2   | Killed Joat's ghost
 12103 | Lair:2   | bye noob
 12368 | Lair:2   | Gained mutation: You have large cloven feet. [evolution]
 13065 | Lair:3   | Noticed damerell's ghost (journeyman DDBe)
 13077 | Lair:3   | Killed damerell's ghost
 13209 | Lair:3   | Reached skill level 1 in Invocations
 13395 | Lair:3   | Lost mutation: You are dopey. (Int -2) [evolution]
 13518 | Lair:3   | Found a hole to the Spider Nest.
 13605 | Lair:3   | Noticed Rupert
 13643 | Lair:3   | Killed Rupert
 14019 | Lair:3   | Gained mutation: You are agile. (Dex +2) [evolution]
 14484 | Lair:4   | Reached XP level 13. HP: 97/112 MP: 23/23
 14487 | Lair:4   | Found a snail-covered altar of Cheibriados.
 14761 | Lair:4   | Found a staircase to the Shoals.
 15279 | Lair:5   | Found a frozen archway.
 15288 | Lair:5   | Reached skill level 5 in Earth Magic
 15308 | IceCv    | Entered an ice cave
 15458 | IceCv    | Reached skill level 10 in Fighting
 15768 | IceCv    | Reached skill level 12 in Unarmed Combat
 16540 | Lair:5   | Reached skill level 5 in Invocations
 18360 | Lair:7   | Reached XP level 14. HP: 122/122 MP: 20/26
 18686 | Lair:8   | Entered Level 8 of the Lair of Beasts
 19723 | Lair:8   | Gained mutation: You have hoof-like feet. [evolution]
 19723 | Lair:8   | Lost mutation: You evolve. [end of evolution]
 19880 | Lair:8   | Reached skill level 13 in Unarmed Combat
 20624 | Lair:8   | Reached skill level 10 in Transmutations
 20666 | Lair:8   | Got an ancient silver amulet
 20668 | Lair:8   | Identified the amulet of Lokaxyc {Regen+ Dex+4 Stlth+} (You found it on level 8 of the Lair of Beasts)
 20889 | Lair:8   | Found a staircase to the Slime Pits.
 21528 | D:11     | Reached XP level 15. HP: 130/130 MP: 28/28
 21537 | D:11     | Learned a level 7 spell: Dragon Form
 21558 | D:11     | You fall through a shaft!
 22133 | D:11     | Noticed Sonja
 22138 | D:11     | Killed Sonja
 22653 | D:12     | Found a staircase to the Orcish Mines.
 22683 | D:12     | Reached skill level 10 in Dodging
 22937 | Orc:1    | Entered Level 1 of the Orcish Mines
 22947 | Orc:1    | Noticed damerell's ghost (novice DDBe)
 22957 | Orc:1    | Killed damerell's ghost
 23189 | Orc:2    | Entered Level 2 of the Orcish Mines
 23286 | Orc:2    | Found a roughly hewn altar of Beogh.
 23313 | Orc:2    | Found a staircase to the Elven Halls.
 23551 | Orc:2    | Noticed an orc warlord
 23558 | Orc:2    | Killed an orc warlord
 23996 | Orc:2    | Noticed an orc warlord
 24007 | Orc:2    | Killed an orc warlord
 24428 | Orc:2    | Found Kailin's General Store.
 24429 | Orc:2    | Found Mucufoqa's Book Boutique.
 24432 | Orc:2    | Found Wuegoung's Antique Armour Shop.
 24432 | Orc:2    | Found Wemuq's Antique Weapon Shop.
 24815 | Orc:1    | Paralysed by an orc sorcerer for 2 turns
 25482 | D:13     | Reached skill level 10 in Spellcasting
 25531 | D:13     | Reached skill level 14 in Unarmed Combat
 25587 | D:13     | Found Coesa's Food Shop.
 25948 | D:14     | Reached XP level 16. HP: 138/138 MP: 18/30
 26326 | D:14     | Found a glowing golden altar of the Shining One.
 26770 | D:15     | Entered Level 15 of the Dungeon
 26787 | D:15     | Noticed Agnes
 26794 | D:15     | Killed Agnes
 26886 | D:15     | Paralysed by an orc sorcerer for 6 turns
 27127 | D:15     | Gained mutation: Your spells are a little harder to cast, but a little more powerful. [potion of beneficial mutation]
 27128 | D:15     | Gained mutation: Your flesh is very heat resistant. [potion of beneficial mutation]
 27353 | D:15     | Found Lemaro Ramu's Antique Armour Shoppe.
 27551 | D:15     | Found a staircase to the Depths.
 27873 | Spider:1 | Entered Level 1 of the Spider Nest
 28779 | Spider:2 | Reached skill level 15 in Unarmed Combat
 28955 | Spider:2 | Reached skill level 10 in Invocations
 29021 | Spider:2 | Noticed Arachne
 29039 | Spider:2 | Killed Arachne
 29511 | Spider:3 | Reached skill level 10 in Earth Magic
 29563 | Spider:3 | Noticed Norris
 29565 | Spider:3 | Reached XP level 17. HP: 147/147 MP: 25/31
 29582 | Spider:3 | Killed Norris
 30196 | Spider:4 | Entered Level 4 of the Spider Nest
 30404 | Spider:4 | Corr (740)
 30552 | Spider:4 | Reached skill level 5 in Stealth
 30709 | Spider:4 | Got a gossamer rune of Zot
 30875 | Lair:2   | Learned a level 6 spell: Iron Shot
 31013 | Shoals:1 | Entered Level 1 of the Shoals
 31203 | Shoals:1 | Identified a scroll of acquirement
 31412 | Shoals:1 | Reached skill level 1 in Shields
 31583 | Shoals:1 | Reached skill level 16 in Unarmed Combat
 31754 | Shoals:2 | Noticed Louise
 31787 | Shoals:2 | Noticed Polyphemus
 31787 | Shoals:2 | Noticed a kraken
 31795 | Shoals:2 | Reached skill level 1 in Conjurations
 31803 | Shoals:2 | Reached XP level 18. HP: 157/157 MP: 33/33
 31811 | Shoals:2 | Killed Polyphemus
 32094 | Shoals:2 | Cast into level 3 of the Abyss (Louise)
 32198 | Abyss:3  | Found a corrupted altar of Lugonu.
 32242 | Abyss:3  | Found a corrupted altar of Lugonu.
 32249 | Abyss:3  | Paralysed by accursed screaming for 1 turns
 32256 | Abyss:3  | Paralysed by accursed screaming for 1 turns
 32290 | Abyss:3  | Got an abyssal rune of Zot
 32317 | Shoals:2 | Escaped the Abyss
 32323 | Shoals:2 | Killed Louise
 32332 | Shoals:2 | Got a smoking dagger
 32333 | Shoals:2 | Identified the +8 dagger of Strategic Superiority {holy, MR+ MP+9 Int-4 Dex+2} (You found it on level 2 of the Shoals)
 32424 | Shoals:4 | Entered Level 4 of the Shoals
 32439 | Shoals:4 | Noticed Ilsuiw
 32449 | Shoals:4 | Killed Ilsuiw
 32728 | Shoals:4 | Got a barnacled rune of Zot
 33203 | Depths:1 | Entered Level 1 of the Depths
 33220 | Depths:1 | Found a sparkling altar of Nemelex Xobeh.
 33676 | Depths:3 | Noticed a tentacled monstrosity
 33688 | Depths:3 | Killed a tentacled monstrosity
 33714 | Depths:3 | Noticed Jorgrun
 33722 | Depths:3 | Killed Jorgrun
 33722 | Depths:3 | Reached XP level 19. HP: 153/166 MP: 27/34
 33730 | Depths:3 | Noticed a lich
 33740 | Depths:3 | Killed a lich
 33761 | Depths:3 | Reached skill level 17 in Unarmed Combat
 33972 | Depths:3 | Found a gateway to Hell.
 34061 | Depths:3 | Reached skill level 5 in Conjurations
 34118 | Depths:5 | Entered Level 5 of the Depths
 34185 | Depths:5 | Noticed a bone dragon
 34197 | Depths:4 | Killed a bone dragon
 34766 | Depths:3 | Found a one-way gate leading to the halls of Pandemonium.
 34992 | Depths:5 | Gained mutation: Your tail ends in a poisonous barb. [potion of beneficial mutation]
 35008 | Depths:5 | Found a gateway to a ziggurat.
 35096 | Depths:5 | Identified Ijuid's Compendium of Execration and the Blaze
 35113 | Hell     | Entered the Vestibule of Hell
 35113 | Hell     | Noticed Geryon
 35116 | Hell     | Noticed Murray
 35119 | Hell     | Noticed a hellephant
 35282 | Depths:5 | Noticed Saint Roka
 35292 | Depths:5 | Killed Saint Roka
 35414 | Depths:5 | Noticed Xtahua
 35429 | Depths:5 | Reached XP level 20. HP: 176/176 MP: 30/36
 35434 | Depths:5 | Killed Xtahua
 35504 | Depths:5 | Noticed a golden dragon
 35516 | Depths:5 | Killed a golden dragon
 35597 | Depths:5 | Found a gate to the Realm of Zot.
 35608 | Zot:1    | Entered Level 1 of the Realm of Zot
 35888 | Zot:1    | Noticed an orb of fire
 35896 | Zot:1    | Gained mutation: You tend to lose your temper in combat. [an orb of fire]
 35898 | Zot:1    | Killed an orb of fire
 35933 | Zot:2    | Reached skill level 18 in Unarmed Combat
 35992 | Zot:2    | Reached skill level 15 in Fighting
 36094 | Zot:2    | Noticed an orb of fire
 36106 | Zot:2    | Killed an orb of fire
 36223 | Zot:2    | Noticed an orb of fire
 36315 | Zot:3    | Reached XP level 21. HP: 184/184 MP: 37/37
 36380 | Zot:3    | Noticed a curse toe
 36384 | Zot:3    | Killed a curse toe
 36894 | Zot:3    | Noticed an orb of fire
 36901 | Zot:3    | Killed an orb of fire
 37196 | Zot:5    | Entered Level 5 of the Realm of Zot
 37245 | Zot:5    | Identified a +0 rod of inaccuracy (11/11) (You found it on level 5 of the Realm of Zot)
 37791 | Zot:5    | Reached skill level 19 in Unarmed Combat
 37791 | Zot:5    | Reached XP level 22. HP: 194/194 MP: 36/39
 37807 | Zot:5    | Noticed a Killer Klown
 37807 | Zot:5    | Noticed an orb of fire
 37807 | Zot:5    | Gained mutation: Your body sometimes deteriorates upon taking damage. [an orb of fire]
 37809 | Zot:5    | Gained mutation: Scrolls take you a little longer to read. [an orb of fire]
 37813 | Zot:5    | Killed an orb of fire
 37816 | Zot:5    | Killed a Killer Klown
 37819 | Zot:5    | Noticed an orb of fire
 37821 | Zot:5    | Gained mutation: You are frail (-10% HP). [an orb of fire]
 37822 | Zot:5    | Lost mutation: You are agile. (Dex +2) [an orb of fire]
 37824 | Zot:5    | Killed an orb of fire
 37839 | Zot:5    | Noticed an orb of fire
 37839 | Zot:5    | HP: 1/174 [purple draconian/bolt of dispelling energy (38)]
 37846 | Zot:5    | Noticed a Killer Klown
 38049 | Zot:5    | Noticed a Killer Klown
 38054 | Zot:5    | Killed a Killer Klown
 38073 | Zot:5    | Killed a Killer Klown
 38077 | Zot:5    | Noticed an orb of fire
 38077 | Zot:5    | Gained mutation: You are weak. (Str -2) [an orb of fire]
 38078 | Zot:5    | Gained mutation: You are very frail (-20% HP). [an orb of fire]
 38086 | Zot:5    | Killed an orb of fire
 38087 | Zot:5    | Noticed an orb of fire
 38087 | Zot:5    | Lost mutation: Scrolls take you a little longer to read. [an orb of fire]
 38088 | Zot:5    | Gained mutation: You are clumsy. (Dex -2) [an orb of fire]
 38102 | Zot:5    | Killed an orb of fire
 38159 | Zot:5    | Noticed a Killer Klown
 38173 | Zot:5    | Killed a Killer Klown
 38173 | Zot:5    | Reached skill level 10 in Conjurations
 38310 | Zot:5    | Noticed an orb of fire
 38314 | Zot:5    | Gained mutation: You often lose your temper in combat. [an orb of fire]
 38319 | Zot:5    | Killed an orb of fire
 38340 | Zot:5    | Noticed an orb of fire
 38340 | Zot:5    | Noticed an orb of fire
 38340 | Zot:5    | Gained mutation: Scrolls take you a little longer to read. [an orb of fire]
 38345 | Zot:5    | Gained mutation: Your body often deteriorates upon taking damage. [an orb of fire]
 38348 | Zot:5    | Gained mutation: You are very clumsy. (Dex -4) [an orb of fire]
 38357 | Zot:5    | Gained mutation: Scrolls take you longer to read. [an orb of fire]
 38357 | Zot:5    | Gained mutation: Your magical capacity is low (-10% MP). [an orb of fire]
 38363 | Zot:5    | Lost mutation: Scrolls take you longer to read. [potion of cure mutation]
 38363 | Zot:5    | Lost mutation: You are very clumsy. (Dex -4) [potion of cure mutation]
 38363 | Zot:5    | Lost mutation: You are weak. (Str -2) [potion of cure mutation]
 38363 | Zot:5    | Lost mutation: Your tail ends in a poisonous barb. [potion of cure mutation]
 38363 | Zot:5    | Lost mutation: Your magical capacity is low (-10% MP). [potion of cure mutation]
 38364 | Zot:5    | Lost mutation: You are clumsy. (Dex -2) [potion of cure mutation]
 38364 | Zot:5    | Lost mutation: Your spells are a little harder to cast, but a little more powerful. [potion of cure mutation]
 38364 | Zot:5    | Lost mutation: Your flesh is very heat resistant. [potion of cure mutation]
 38364 | Zot:5    | Lost mutation: You often lose your temper in combat. [potion of cure mutation]
 38364 | Zot:5    | Lost mutation: You tend to lose your temper in combat. [potion of cure mutation]
 38385 | Zot:5    | Lost mutation: You have hoof-like feet. [potion of cure mutation]
 38385 | Zot:5    | Lost mutation: Your body often deteriorates upon taking damage. [potion of cure mutation]
 38385 | Zot:5    | Lost mutation: You have large cloven feet. [potion of cure mutation]
 38385 | Zot:5    | Lost mutation: Your body sometimes deteriorates upon taking damage. [potion of cure mutation]
 38385 | Zot:5    | Lost mutation: You are very frail (-20% HP). [potion of cure mutation]
 38385 | Zot:5    | Lost mutation: Scrolls take you a little longer to read. [potion of cure mutation]
 38429 | Zot:5    | Gained mutation: You are occasionally teleported next to monsters. [an orb of fire]
 38431 | Zot:5    | Killed an orb of fire
 38431 | Zot:5    | Reached XP level 23. HP: 53/182 MP: 28/40
 38475 | Zot:5    | Gained mutation: You tend to lose your temper in combat. [an orb of fire]
 38478 | Zot:5    | Killed an orb of fire
 38656 | Zot:5    | Got the Orb of Zot
 38661 | Zot:5    | Noticed an orb of fire
 38665 | Zot:5    | Killed an orb of fire
 38665 | Zot:5    | Reached skill level 15 in Transmutations
 38680 | Zot:5    | Noticed an ancient lich
 38690 | Zot:5    | Noticed an orb of fire
 38696 | Zot:5    | Gained mutation: You are agile. (Dex +2) [an orb of fire]
 38696 | Zot:5    | Lost mutation: You are agile. (Dex +2) [an orb of fire]
 38704 | Zot:5    | Noticed an ancient lich
 38705 | Zot:5    | HP: 11/273 [ancient lich/bolt of lightning (53)]
 38769 | Zot:4    | Gained mutation: Scrolls take you a little longer to read. [a neqoxec]
 38917 | Zot:4    | Noticed Sigyeffu the pandemonium lord
 38917 | Zot:4    | Noticed an ancient lich
 38920 | Zot:4    | Noticed Xaury the pandemonium lord
 38934 | Zot:4    | gg
 38938 | Zot:3    | HP: 1/183 [Xaury the pandemonium lord/chain lightning (25)]
 38938 | Zot:3    | Killed from afar by Xaury the pandemonium lord

Skill      XL: |  1  2  3  4  5  6  7  8  9 10 11 12 13 14 15 16 17 18 19 20 21 22 23 |
---------------+----------------------------------------------------------------------+-----
Unarmed Combat | 4 5 7 8 10 11 12 13 14 15 16 17 18 19 | 19.9
Dodging        | 2 3 4 5 6 7 8 9 10 11 12 13 14 | 14.1
Fighting       | 2 3 4 5 6 7 8 9 10 11 12 13 14 15 16 | 16.8
Stealth        | 1 2 3 4 5 |  5.3
Poison Magic   | 1 3 4 |  4.0
Transmutations | 3 4 5 6 7 8 9 10 11 12 13 14 15 | 15.0
Ice Magic      | 1 2 3 |  3.0
Spellcasting   | 3 5 6 7 8 9 10 11 12 13 | 13.9
Earth Magic    | 2 4 6 7 8 10 11 12 13 14 | 14.0
Invocations    | 3 5 7 9 10 11 12 13 14 | 14.9
Shields        | 1 2 |  2.1
Conjurations   | 1 4 6 7 9 10 | 10.1

Action                   |  1- 3 |  4- 6 |  7- 9 | 10-12 | 13-15 | 16-18 | 19-21 | 22-24 || total
-------------------------+-------+-------+-------+-------+-------+-------+-------+-------++-------
Melee: Unarmed           |   166 |   164 |   299 |   466 |  1319 |  1022 |   729 |   240 ||  4405
       Tailslap          |    11 |    19 |    32 |    45 |   243 |   241 |   196 |    63 ||   850
       Punch             |       |     3 |     8 |    18 |    89 |   120 |   111 |    33 ||   382
       Headbutt          |       |     2 |     4 |       |       |       |       |       ||     6
       Kick              |       |     3 |     9 |    89 |   476 |   483 |   371 |    80 ||  1511
       Bite              |       |       |       |       |     1 |     8 |     7 |     2 ||    18
 Fire: Blowgun           |       |       |       |       |     5 |     6 |       |       ||    11
Throw: Javelin           |       |    11 |     3 |    14 |     9 |    16 |       |     5 ||    58
 Cast: Beastly Appendage |       |     4 |     6 |       |       |       |       |       ||    10
       Spider Form       |       |     3 |    12 |    16 |     6 |       |       |       ||    37
       Blade Hands       |       |       |     3 |    42 |    55 |    12 |     2 |     2 ||   116
       Ice Form          |       |       |     1 |     5 |    10 |     1 |       |     1 ||    18
       Statue Form       |       |       |       |       |    27 |    64 |    41 |    14 ||   146
       Dragon Form       |       |       |       |       |     6 |     9 |     8 |     3 ||    26
Invok: Bend Time         |       |     1 |       |       |     1 |       |       |       ||     2
       Temporal Distorti |       |       |       |       |     2 |    22 |     3 |     6 ||    33
       Step From Time    |       |       |       |       |     1 |     2 |     3 |     6 ||    12
       Slouch            |       |       |       |       |     1 |     4 |     5 |     1 ||    11
 Abil: Breathe Fire      |       |       |    28 |    12 |    28 |    12 |     9 |       ||    89
       End Transformatio |       |       |     2 |     3 |    15 |     4 |     4 |     6 ||    34
Evoke: Deck              |       |       |       |     3 |       |       |       |     4 ||     7
       Wand              |       |       |       |       |       |    19 |       |     7 ||    26
  Use: Potion            |     6 |     3 |     4 |     4 |     3 |     5 |     3 |    12 ||    40
       Scroll            |     3 |     1 |     3 |    10 |    16 |     4 |     2 |     8 ||    47
 Stab: Sleeping          |     7 |     2 |     6 |    16 |    21 |    12 |     3 |       ||    67
       Invisible         |       |       |     2 |       |       |       |       |       ||     2
       Distracted        |       |       |       |     1 |     9 |     2 |     3 |       ||    15
       Held in net/web   |       |       |       |       |       |     1 |       |       ||     1
  Eat: Chunk             |     2 |     8 |    27 |    36 |    47 |    28 |    17 |       ||   165
       Meat ration       |       |       |     1 |       |       |       |       |     1 ||     2
       Bread ration      |       |       |       |       |     1 |     3 |     2 |     1 ||     7
       Pizza             |       |       |       |       |       |     2 |       |       ||     2
       Royal jelly       |       |       |       |       |       |     1 |       |       ||     1
       Fruit             |       |       |       |       |       |       |     1 |       ||     1
Armor: Skin              |    53 |    47 |    45 |    60 |   308 |   535 |   362 |   112 ||  1522
Dodge: Dodged            |   121 |   115 |   249 |   482 |  1658 |  1862 |  1371 |   342 ||  6200
